 Dungeon Crawl Stone Soup version 0.18.1-48-g4cf74bf (webtiles) character file.

167 Peloso the Shield-Bearer (level 5, -2/47 HPs)
             Began as a Minotaur Fighter on Aug 12, 2016.
             Slain by Grinder (3 damage)
             ... while paralysed by Grinder
             ... on level 3 of the Dungeon.
             The game lasted 00:04:23 (2592 turns).

Peloso the Shield-Bearer (Minotaur Fighter)         Turns: 2592, Time: 00:04:24

Health: -2/47      AC:  7    Str: 21    XL:     5   Next: 23%
Magic:  4/4        EV:  2    Int:  5    God:
Gold:   94         SH:  0    Dex: 10    Spells: 0 memorised, 4 levels left

rFire  . . .     SeeInvis .     a - +0 long sword
rCold  . . .     Gourm    .     b - +0 scale mail
rNeg   . . .     Faith    .     c - +0 shield
rPois  .         Spirit   .     (helmet restricted)
rElec  .         Dismiss  .     (no cloak)
rCorr  .         Reflect  .     (no gloves)
SustAt .         Harm     .     (no boots)
MR     .....                    (no amulet)
Stlth  ..........               (no ring)
                                (no ring)

@: paralysed, not resistant to hostile enchantments, extremely unstealthy
A: retaliatory headbutt, horns 2
a: no special abilities


You were on level 3 of the Dungeon.
You were hungry.

You visited 1 branch of the dungeon, and saw 3 of its levels.

You collected 94 gold pieces.

Inventory:

Hand Weapons
 a - a +0 long sword (weapon)
Armour
 b - a +0 scale mail (worn)
 c - a +0 shield (worn)
Scrolls
 e - 3 scrolls of teleportation {unknown}
 i - 2 scrolls of enchant armour {unknown}
 j - 2 scrolls of identify {unknown}
 l - a scroll of remove curse {unknown}
 m - a scroll of magic mapping {unknown}
 n - a scroll of random uselessness {unknown}
 o - a scroll of fog {unknown}
 p - a scroll of enchant weapon {unknown}
 t - a scroll of blinking {unknown}
Potions
 d - a potion of might
 h - a potion of brilliance {unknown}
 k - a potion of curing {unknown}
 q - a potion of lignification {unknown}
 s - a potion of heal wounds {unknown}
Comestibles
 f - 3 bread rations
 g - 3 fruits
 r - a beef jerky
 v - 2 slices of pizza


   Skills:
 + Level 4.6 Fighting
 + Level 3.4 Long Blades
 + Level 4.5 Armour
 + Level 2.0 Dodging
 + Level 0.1 Stealth
 + Level 4.7 Shields


You had 4 spell levels left.
You didn't know any spells.

Dungeon Overview and Level Annotations

Branches:
Dungeon (3/15)

Altars:
Pakellas
Ru
Xom

Annotations:
D:3 Grinder


Innate Abilities, Weirdness & Mutations

You reflexively headbutt those who attack you in melee.
You have a pair of horns on your head.


Message History

You hit Grinder.
Grinder is moderately wounded.
Grinder hits you.
You writhe in agony.
You hit Grinder but do no damage. You headbutt Grinder.
Grinder is moderately wounded.
Grinder gestures at you. Pain shoots through your body!
Grinder gestures at you.
You suddenly lose the ability to move!
Grinder hits you.
You writhe in agony.
* * * LOW HITPOINT WARNING * * *
Grinder hits you.
* * * LOW HITPOINT WARNING * * *
You writhe in agony.
* * * LOW HITPOINT WARNING * * *
Grinder completely misses you. Grinder hits you.
* * * LOW HITPOINT WARNING * * *
You writhe in agony.
You die...

#.#.# #.#.# ##### #.#.#
#..........##### #.#.#
#..............#####.#.#
####.................##.#.#
...#.................##.#.#
...#.................##.#.#
...#............@....##.#.#######
..............##.5...##.#.#......
.............g..........#.#.####.
........#....#####...####.#.# #.
...##.#...............#...#.# #.
...........#####......#.###.# #.
..............##............# #.
...........................>####.
.................................


You could see Grinder.

Vanquished Creatures
  3 gnolls (D:2)
  5 adders
  An ooze (D:2)
  3 worms
  2 dart slugs (D:1)
  2 giant geckos
  2 orcs
  3 giant cockroaches
  10 goblins
  8 hobgoblins
  3 jackals (D:3)
  A quokka (D:2)
  2 ball pythons (D:2)
  9 bats
  3 giant newts
  9 kobolds
  10 rats
76 creatures vanquished.

Notes
Turn   | Place    | Note
--------------------------------------------------------------
     0 | D:1      | Peloso the Minotaur Fighter began the quest for the Orb.
     0 | D:1      | Reached XP level 1. HP: 19/19 MP: 0/0
   107 | D:1      | Reached XP level 2. HP: 27/27 MP: 1/1
   536 | D:1      | Reached XP level 3. HP: 31/33 MP: 2/2
   916 | D:2      | Found an oddly glowing altar of Pakellas.
   933 | D:2      | Found a shimmering altar of Xom.
   996 | D:2      | Reached skill level 1 in Dodging
  1253 | D:2      | Found a sacrificial altar of Ru.
  1281 | D:2      | Reached XP level 4. HP: 40/40 MP: 3/3
  2166 | D:3      | Noticed Grinder
  2205 | D:2      | Reached XP level 5. HP: 21/47 MP: 4/4
  2588 | D:3      | Paralysed by Grinder for 5 turns
  2592 | D:3      | HP: 1/47 [Grinder (3)]
  2592 | D:3      | Slain by Grinder

Skill      XL: |  1  2  3  4  5 |
---------------+----------------+-----
Fighting       | 4 |  4.6
Armour         | 4 |  4.5
Shields        | 4 |  4.7
Dodging        | 1 2 |  2.0
Long Blades    | 3 |  3.4
Stealth        | |  0.1

Action                   |  1- 3 |  4- 6 || total
-------------------------+-------+-------++-------
Melee: Long sword        |   112 |    94 ||   206
       Headbutt          |    18 |    18 ||    36
  Eat: Chunk             |     1 |     4 ||     5
Armor: Scale mail        |    43 |    37 ||    80
Dodge: Dodged            |    28 |    50 ||    78
Block: Shield            |    54 |    65 ||   119
